Match 47406020
Unlisted

Match 47406020
End
Construct Weapon Support Center
Engineer Squad
Selects Heavy Weapons
Selects Heavy Weapons
M1919 Machine Gun Team
Engineer Squad
M1919 Machine Gun Team
Air Support Center
Selects Assault Carriers
Grasshopper Recon Run
M3 Assault Carrier
Engineer Squad
Selects Exchangeable Parts
M3 Assault Carrier
P-47 Strafing Run
Selects M2HB .50cal Heavy Machine Gun
Construct Motor Pool
Air Supply
Bazooka Squad
M1919 Machine Gun Team
Selects Rapid Reposition
Scout Squad
M24 Chaffee Light Tank
M1 Anti-tank Gun Team
P-47 Strafing Run
M3 Assault Carrier
Engineer Squad
Selects Towed M5 3-inch Anti-tank Gun
Towed M5 3-inch Anti-tank Gun
M1919 Machine Gun Team
Reculus
JTJ ︻デ 一
Mr.Feels
ConcernedApe
0
0

Comments sign in to comment!

No comments posted yet!